 Dungeon Crawl Stone Soup version 0.29.1-12-g30fa7ad0bf (webtiles) character file.

Game seed: 7836761265621917559

54 xzight the Grasshopper (level 3, -1/31 HPs)
             Began as a Gnoll Warper on Dec 28, 2022.
             Slain by a gnoll
             ... wielding a +0 spear
              (4 damage)
             ... on level 2 of the Dungeon.
             The game lasted 00:05:13 (1373 turns).

xzight the Grasshopper (Gnoll Warper)               Turns: 1373, Time: 00:05:15

Health: -1/31      AC:  6    Str: 10    XL:     3   Next: 91%
Magic:  9/9        EV:  6    Int: 14    God:
Gold:   52         SH:  0    Dex: 11    Spells: 12/12 levels left

rFire   . . .      SeeInvis .   a - +0 mace
rCold   . . .      Faith    .   (no shield)
rNeg    . . .      Spirit   .   f - +0 scale mail
rPois   .          Reflect  .   (no helmet)
rElec   .          Harm     .   (no cloak)
rCorr   .          Rampage  .   (no gloves)
Will    .....                   (no boots)
Stlth   ..........              (no amulet)
HPRegen 0.10/turn               (no ring)
MPRegen 0.11/turn               (no ring)

@: constricted
A: fangs 1, strong nose, distributed training
a: no special abilities


You were on level 2 of the Dungeon.
You visited 1 branch of the dungeon, and saw 2 of its levels.

You collected 52 gold pieces.


Innate Abilities, Weirdness & Mutations

You have very sharp teeth.
Your uncanny sense of smell can sniff out nearby items.
Your experience applies equally to all skills.


   Skills:
 + Level 4.6 Fighting
 + Level 1.0 Short Blades
 + Level 1.0 Long Blades
 + Level 1.0 Axes
 + Level 4.6 Maces & Flails
 + Level 1.0 Polearms
 + Level 1.0 Staves
 + Level 1.0 Ranged Weapons
 + Level 2.7 Throwing
 + Level 2.7 Armour
 + Level 4.6 Dodging
 + Level 1.0 Stealth
 + Level 1.0 Shields
 + Level 1.0 Unarmed Combat
 + Level 5.0 Spellcasting
 + Level 0.7 Conjurations
 + Level 0.7 Hexes
 + Level 0.7 Summonings
 + Level 0.7 Necromancy
 + Level 5.4 Translocations
 + Level 0.7 Transmutations
 + Level 0.7 Fire Magic
 + Level 0.7 Ice Magic
 + Level 0.7 Air Magic
 + Level 0.7 Earth Magic
 + Level 0.7 Poison Magic
 + Level 1.1 Invocations
 + Level 1.0 Evocations


You had 12 spell levels left.
You didn't know any spells.
Your spell library contained the following spells:

 Spells                   Type           Power      Damage    Failure   Level
 Blink                    Tloc           36%        N/A       19%         2
 Gell's Gravitas          Tloc           18%        N/A       34%         3
 Lesser Beckoning         Tloc           18%        N/A       34%         3
 Teleport Other           Tloc           18%        N/A       34%         3
 Manifold Assault         Tloc           18%        N/A       97%         5

Inventory:

Hand Weapons
 a - a +0 mace (weapon)
Missiles
 d - 7 boomerangs of dispersal {=f}
 e - 4 poisoned darts
 p - 5 javelins (quivered)
Armour
 f - a +0 scale mail (worn)
Jewellery
 o - an amulet of regeneration
 Z - a ring of wizardry
Scrolls
 b - a scroll of amnesia {unknown}
 c - a scroll of blinking
 g - 2 scrolls of identify {unknown}
 h - a scroll of vulnerability {unknown}
 k - 2 scrolls of butterflies {unknown}
 n - a scroll of poison {unknown}
 r - a scroll of teleportation {unknown}
Potions
 i - a potion of heal wounds {unknown}
 j - a potion of magic {unknown}
 l - a potion of curing {unknown}
 m - a potion of flight {unknown}
 q - 2 potions of resistance {unknown}
 s - a potion of mutation {unknown}

Dungeon Overview and Level Annotations

Branches:
Dungeon (2/15)

Altars:

Shops:
D:1

= #.# # #.# #.# # #.# #.# ###
#.###### #.# ##### ..
#.#....#####.# #.... #.
#.#.##.#.....# #.###
..####.###.#....^.#...###.# #
.......g..g#..#...#....##.###
......w...gS@...........#...>
.#########g(#.#.....#...#.##.
#......#...#...###.##.
#......##.###....#.... ∆
#....#..#...#....#.♣#.
#....##.....###.....#.
#....##.....#...)...#.
#...........#.....###.
#######........####....#


You could see a worm, 4 gnolls and a ball python.


Message History

The ball python bites you but does no damage.
The ball python grabs you.
You stop ascending the stairs.
The ball python constricts you.
Unknown command.
Unknown command.
Unknown command.
Unknown command.
Unknown command.
Unknown command.
Unknown command.
Unknown command.
Unknown command.
Unknown command.
Unknown command.
Unknown command.
You hit the ball python.
The ball python is heavily wounded.
The ball python bites you.
* * * LOW HITPOINT WARNING * * *
The ball python constricts you.
The gnoll hits you from afar with a +0 spear.
* * * LOW HITPOINT WARNING * * *
The gnoll hits you but does no damage. The ball python barely misses you.
The ball python constricts you.
You barely miss the ball python.
The ball python is heavily wounded.
The gnoll hits you from afar with a +0 spear!
* * * LOW HITPOINT WARNING * * *
The gnoll hits you from afar with a +0 spear.
You die...

Skill      XL: |  1  2  3 |
---------------+----------+-----
Spellcasting   | 5 |  5.0
Invocations    | 1 |  1.1
Short Blades   | 1 |  1.0
Long Blades    | 1 |  1.0
Axes           | 1 |  1.0
Polearms       | 1 |  1.0
Staves         | 1 |  1.0
Ranged Weapons | 1 |  1.0
Stealth        | 1 |  1.0
Shields        | 1 |  1.0
Unarmed Combat | 1 |  1.0
Evocations     | 1 |  1.0
Fighting       | |  4.6
Maces & Flails | |  4.6
Throwing       | |  2.7
Armour         | |  2.7
Dodging        | |  4.6
Conjurations   | |  0.7
Hexes          | |  0.7
Summonings     | |  0.7
Necromancy     | |  0.7
Translocations | |  5.4
Transmutations | |  0.7
Fire Magic     | |  0.7
Ice Magic      | |  0.7
Air Magic      | |  0.7
Earth Magic    | |  0.7
Poison Magic   | |  0.7

Action                   || total
-------------------------++-------
Melee: Mace              ||    96
       Bite              ||     7
       Punch             ||     2
Armor: Leather armour    ||     4
       Scale mail        ||    33
Dodge: Dodged            ||    54

Levels and vault maps discovered:
D:1:      onia_arrival_handbag, layout_basic, nicolae_ecumenical_lake_church,
          serial_bayou_pond_a, nicolae_shop_unique_rings, minmay_heptomino_d4
D:2:      layout_basic, chequers_decorated_corner, hangedman_decor_push,
          nicolae_concentric_dashed_squares_mild

Notes
Turn   | Place    | Note
-------+----------+-------------------------------------------
     0 | D:1      | xzight the Gnoll Warper began the quest for the Orb.
     0 | D:1      | Reached XP level 1. HP: 20/20 MP: 6/6
    53 | D:1      | Reached XP level 2. HP: 23/26 MP: 7/7
   368 | D:1      | Found a faded altar of an unknown god.
   397 | D:1      | Found Abbiyd's One-of-a-Kind Rings.
   448 | D:1      | Reached skill level 5 in Spellcasting
   448 | D:1      | Reached XP level 3. HP: 28/31 MP: 7/9
   989 | D:2      | Reached skill level 1 in Invocations
  1166 | D:2      | Reached skill level 1 in Short Blades
  1166 | D:2      | Reached skill level 1 in Long Blades
  1166 | D:2      | Reached skill level 1 in Axes
  1166 | D:2      | Reached skill level 1 in Polearms
  1166 | D:2      | Reached skill level 1 in Staves
  1166 | D:2      | Reached skill level 1 in Ranged Weapons
  1166 | D:2      | Reached skill level 1 in Stealth
  1166 | D:2      | Reached skill level 1 in Shields
  1166 | D:2      | Reached skill level 1 in Unarmed Combat
  1166 | D:2      | Reached skill level 1 in Evocations
  1373 | D:2      | HP: 3/31 [gnoll/+0 spear (8)]
  1373 | D:2      | Slain by a gnoll

Vanquished Creatures
  An adder (D:2)
  A worm (D:2)
  7 ball pythons (D:1)
  4 bats
  3 endoplasms
  2 goblins (D:1)
  4 hobgoblins (D:1)
  3 jackals (D:2)
  6 kobolds
  2 frilled lizards (D:1)
  6 rats (D:1)
39 creatures vanquished.

Vanquished Creatures (others)
  2 plants (D:1)
2 creatures vanquished.

Grand Total: 41 creatures vanquished

Table legend: (Time is in decaauts)
 A = Elapsed time spent in this place.
 B = Non-inter-level travel time spent in this place.
 C = Inter-level travel time spent in this place.
 D = Time resting spent in this place.
 E = Time spent auto-exploring this place.
 F = Levels seen in this place.
 G = Mean time per level.
                   A        B        C        D        E       F      G
               +--------+--------+--------+--------+--------+-----+--------+
         Total |   1392 |   1353 |     39 |      4 |   1014 |   2 |  696.0 |
       Dungeon |   1392 |   1353 |     39 |      4 |   1014 |   2 |  696.0 |
               +--------+--------+--------+--------+--------+-----+--------+

Top non-repeatable levels by time:
     D:1: 971 daAuts
     D:2: 420 daAuts

Table legend:
 A = Non-vault XP
 B = Vault XP
 C = Vault XP percentage of total XP
 D = Non-vault monster count
 E = Vault monster count
 F = Vault count percentage of total count
                 A         B        C        D         E       F
            +---------+---------+-------+---------+---------+-------
      Total |      66 |      12 |  15.4 |      31 |       8 |  20.5
            +---------+---------+-------+---------+---------+-------
        D:1 |      34 |      12 |  26.1 |      21 |       8 |  27.6
        D:2 |      32 |       0 |   0.0 |      10 |       0 |   0.0
            +---------+---------+-------+---------+---------+-------
